 Dungeon Crawl Stone Soup version 0.23.1-38-g628c18f423 (webtiles) character file.

Game seed: 8803436017653246161

245 Oninnaise the Covered (level 6, 0/49 HPs)
             Began as a Barachi Fighter on Mar 29, 2019.
             Succumbed to Crazy Yiuf's poison
             ... on level 2 of the Dungeon.
             The game lasted 00:08:50 (3997 turns).

Oninnaise the Covered (Barachi Fighter)             Turns: 3997, Time: 00:08:51

Health: 0/49       AC:  9    Str: 16 (19) XL:     6   Next: 10%
Magic:  6/6        EV:  4    Int:  6 (9)  God:
Gold:   124        SH:  8    Dex:  9 (11) Spells: 5/5 levels left

rFire    + . .     SeeInvis .   a - +0 long sword
rCold    . . .     Gourm    .   c - +0 shield
rNeg     . . .     Faith    .   i - +0 chain mail
rPois    .         Spirit   .   (no helmet)
rElec    .         Reflect  .   (no cloak)
rCorr    .         Harm     .   (no gloves)
MR       .....                  (no boots)
Stlth    ..........             (no amulet)
HPRegen  0.16/turn              (no ring)
MPRegen  0.10/turn              (no ring)

@: lethally poisoned (0 -> -8), drained, slow
A: +LOS, swims, fire resistance 1, high mp 1, slowness 1, wild magic 1, strong
legs 1
a: Hop


You were on level 2 of the Dungeon.
You were not hungry.

You visited 1 branch of the dungeon, and saw 2 of its levels.

You collected 124 gold pieces.

Inventory:

Hand Weapons
 a - a +0 long sword (weapon)
 d - a +0 mace
Armour
 b - a +0 scale mail
 c - a +0 shield (worn)
 i - a +0 chain mail (worn)
Scrolls
 e - a scroll of remove curse
Potions
 h - a potion of flight
Comestibles
 f - 4 rations


   Skills:
 + Level 4.5(3.5) Fighting
 + Level 4.7(3.7) Long Blades
 + Level 4.8(3.9) Armour
 + Level 1.2(0.3) Dodging
 + Level 4.5(3.5) Shields


You had 5 spell levels left.
You didn't know any spells.
Your spell library was empty.

Dungeon Overview and Level Annotations

Branches:
Dungeon (2/15)

Altars:

Annotations:
D:2 Crazy Yiuf


Innate Abilities, Weirdness & Mutations

Shadows flee at your approach. (+LOS)
You can swim through water.
You cover ground slowly.
You can hop short distances.
Your flesh is heat resistant. (rF+)
You have an increased reservoir of magic. (+10% MP)
Your spells are a little harder to cast, but a little more powerful.


Message History

You slash Crazy Yiuf!
Crazy Yiuf is severely wounded.
You feel sick.
Crazy Yiuf hits you with a +4 quarterstaff of chaos!
* * * LOW HITPOINT WARNING * * *
Crazy Yiuf burns you.
* * * LOW HITPOINT WARNING * * *
Okay, then.
Okay, then.
You hit Crazy Yiuf but do no damage.
Crazy Yiuf is severely wounded.
* * * LOW HITPOINT WARNING * * *
You feel sick.
Crazy Yiuf says, "Powder eyeball tea!"
Crazy Yiuf hits you with a +4 quarterstaff of chaos.
* * * LOW HITPOINT WARNING * * *
You feel drained. Crazy Yiuf hits you but does no damage.
You hit Crazy Yiuf.
Crazy Yiuf is almost dead.
You die...

#.......##.# #.##
#.......##.# #.##
#.......##.# #.##
#..........# #.##
#.....^....###########.##
#..........'.....<.....##
#..........##############
#.........## ##########
#...>...@.# #........'
#..).....g# #.########
#.........# #.#.......
#.........## #.#.......
#.#........# ##)########
#.#..#####.# #..........
#.#.....##.# #()########
#.##....##.# #(.........
#.#####....####(..####...


You could see Crazy Yiuf.

Vanquished Creatures
  4 wights (D:2)
  2 adders (D:2)
  5 dart slugs
  2 leopard geckos
  2 ball pythons (D:1)
  5 giant cockroaches
  10 goblins
  4 hobgoblins
  2 jackals (D:2)
  5 bats
  3 frilled lizards
  6 kobolds
  6 rats
  A plant (D:1)
57 creatures vanquished.

Notes
Turn   | Place    | Note
-------+----------+-------------------------------------------
     0 | D:1      | Oninnaise the Barachi Fighter began the quest for the Orb.
     0 | D:1      | Reached XP level 1. HP: 18/18 MP: 1/1
    95 | D:1      | Reached XP level 2. HP: 22/25 MP: 2/2
   212 | D:1      | Gained mutation: You have an increased reservoir of magic.
                  | (+10% MP) [potion of mutation]
   212 | D:1      | Gained mutation: Your flesh is heat resistant. (rF+)
                  | [potion of mutation]
   212 | D:1      | Gained mutation: Your spells are a little harder to cast,
                  | but a little more powerful. [potion of mutation]
   632 | D:1      | Reached XP level 3. HP: 27/30 MP: 3/3
  1541 | D:2      | Reached XP level 4. HP: 33/37 MP: 4/4
  1580 | D:2      | Found a runed translucent door.
  1581 | D:2      | Noticed Crazy Yiuf
  2168 | D:2      | HP: 1/37 [wight/+2 vampiric scimitar (7)]
  2169 | D:2      | Reached XP level 5. HP: 1/42 MP: 5/5
  2177 | D:2      | Reached skill level 1 in Dodging
  2579 | D:2      | Reached XP level 6. HP: 18/49 MP: 6/6
  3128 | D:2      | HP: 1/49 [Crazy Yiuf/+4 quarterstaff of chaos (5)]
  3996 | D:2      | HP: 2/49 [Crazy Yiuf/+4 quarterstaff of chaos (3)]
  3997 | D:2      | Succumbed to Crazy Yiuf's poison

Skill      XL: |  1  2  3  4  5 |
---------------+----------------+-----
Fighting       | 4 |  4.5
Long Blades    | 3 4 |  4.7
Armour         | 4 |  4.8
Shields        | 4 |  4.5
Dodging        | 1 |  1.2

Action                   |  1- 3 |  4- 6 || total
-------------------------+-------+-------++-------
Melee: Long sword        |   148 |    85 ||   233
       Unarmed           |       |    19 ||    19
 Abil: Hop               |       |     2 ||     2
  Use: Potion            |     2 |     4 ||     6
       Scroll            |     4 |       ||     4
  Eat: Chunk             |     3 |       ||     3
       Ration            |       |     3 ||     3
Armor: Scale mail        |    77 |     7 ||    84
       Chain mail        |       |    26 ||    26
Dodge: Dodged            |    40 |    27 ||    67
Block: Shield            |    68 |    26 ||    94
       Rpst.: Long sword |    12 |     8 ||    20
